 Dungeon Crawl Stone Soup version 0.23.0-28-g6fe0f4d (webtiles) character file.

Game seed: 3080854757969055120

497 Scaeme the Chopper (level 7, -7/54 HPs)
             Began as a Human Fighter on Feb 25, 2019.
             Was a Follower of Wu Jian.
             Mangled by a gnoll
             ... wielding a +0 halberd
              (8 damage)
             ... on level 3 of the Dungeon.
             The game lasted 00:20:28 (2876 turns).

Scaeme the Chopper (Human Fighter)                  Turns: 2876, Time: 00:20:28

Health: -7/54      AC:  8    Str: 19    XL:     7   Next: 38%
Magic:  16/16      EV:  7    Int:  8    God:    Wu Jian [*.....]
Gold:   97         SH: 10    Dex: 12    Spells: 6/6 levels left

rFire    . . .     SeeInvis .   a - +1 war axe
rCold    . . .     Gourm    .   c - +1 shield
rNeg     . . .     Faith    +   b - +0 scale mail
rPois    .         Spirit   .   i - +0 helmet
rElec    .         Reflect  .   (no cloak)
rCorr    .         Harm     .   (no gloves)
MR       .....                  (no boots)
Stlth    ..........             e - amulet of faith
HPRegen  0.18/turn              h - ring of magical power
MPRegen  0.15/turn              n - ring of wizardry

@: no status effects
A: no striking features
a: Renounce Religion


You were on level 3 of the Dungeon.
You worshipped Wu Jian.
Wu Jian was aware of your devotion.
You were not hungry.

You visited 1 branch of the dungeon, and saw 3 of its levels.

You collected 97 gold pieces.

Inventory:

Hand Weapons
 a - a +1 war axe (weapon)
Missiles
 k - 2 tomahawks (quivered)
Armour
 b - a +0 scale mail (worn)
 c - a +1 shield (worn)
 i - a +0 helmet (worn)
Jewellery
 e - an amulet of faith (around neck)
 h - a ring of magical power (left hand)
 n - a ring of wizardry (right hand)
Scrolls
 g - a scroll of enchant armour
 j - a scroll of remove curse
 l - a scroll of enchant weapon
 o - 2 scrolls of identify
Comestibles
 f - 4 rations


   Skills:
 + Level 4.0 Fighting
 * Level 6.0 Axes
 + Level 3.8 Armour
 + Level 4.0 Shields


You had 6 spell levels left.
You didn't know any spells.
Your spell library was empty.

Dungeon Overview and Level Annotations

Branches:
Dungeon (3/15)

Altars:
Elyvilon
Makhleb
Ru
Trog
Vehumet
Wu Jian


Message History

You close the door.
A gnoll opens the door.
The gnoll hits you but does no damage.
There is a huge open gate here.
You see here a +0 whip.
You see here a +0 spear.
Okay, then.
You aren't carrying any potions.
You are too injured to fight recklessly!
You lunge at the gnoll.
You hit the gnoll.
The gnoll is lightly wounded.
The gnoll hits you with a +2 vampiric halberd.
* * * LOW HITPOINT WARNING * * *
The gnoll draws strength from your wounds!
You block the gnoll's attack.
You see here a +0 spear.
You slash the gnoll!
The gnoll is severely wounded.
You block the gnoll's attack.
The gnoll hits you from afar with a +0 halberd!
You die...

....#....#.......# ..#. # .
#....#.......# #'##
#############'''g#############...
#.............))g............#.gg
#≈≈≈≈≈≈≈≈≈≈≈≈.)..≈≈≈≈≈≈≈≈≈≈≈≈####
≈≈≈≈≈≈≈≈≈≈≈≈≈...g≈≈≈≈≈≈≈≈≈≈≈≈≈≈≈≈
≈≈≈≈≈≈≈≈≈≈≈≈≈.÷.g≈≈≈≈≈≈≈)≈≈≈))≈≈≈
................g.......)...)....
###.........>...@)..........)....
####..####.##.............###..
#..###..##.###.###.....# #.#
#....#..###....###.....###.#
####....#..###....)##.........#
#.......#...##........#'#....##
#.).†........'......###.......#
###...........##......###.......#
....†..).#######.......##........


You could see a gnoll sergeant, a gnoll shaman and 3 gnolls.

Vanquished Creatures
  A gnoll shaman (D:3)
  Robin (D:2)
  29 gnolls
  8 adders
  2 dart slugs (D:1)
  3 leopard geckos
  An orc (D:3)
  4 ball pythons
  6 giant cockroaches
  12 goblins
  7 hobgoblins
  18 jackals (D:3)
  A quokka (D:2)
  6 bats
  4 frilled lizards
  3 kobolds
  6 rats
112 creatures vanquished.

Notes
Turn   | Place    | Note
-------+----------+-------------------------------------------
     0 | D:1      | Scaeme the Human Fighter began the quest for the Orb.
     0 | D:1      | Reached XP level 1. HP: 18/18 MP: 1/1
    85 | D:1      | Reached XP level 2. HP: 16/24 MP: 2/2
   175 | D:1      | Reached XP level 3. HP: 16/29 MP: 3/3
   724 | D:2      | Reached skill level 3 in Axes
   724 | D:2      | Reached XP level 4. HP: 30/35 MP: 4/4
   801 | D:2      | Noticed Robin
   813 | D:2      | Killed Robin
  1040 | D:2      | Reached XP level 5. HP: 40/41 MP: 5/5
  1120 | D:2      | Reached skill level 4 in Axes
  1504 | D:2      | Found a burning altar of Makhleb.
  1504 | D:2      | Noticed a balrug
  1508 | D:2      | Noticed a hellwing
  1508 | D:2      | Noticed a hellwing
  1866 | D:3      | Reached XP level 6. HP: 37/47 MP: 6/6
  2147 | D:3      | Found a bloodstained altar of Trog.
  2154 | D:3      | Found a white marble altar of Elyvilon.
  2154 | D:3      | Found a sacrificial altar of Ru.
  2157 | D:3      | Found a radiant altar of Vehumet.
  2157 | D:3      | Found an ornate altar of the Wu Jian Council.
  2199 | D:3      | Became a worshipper of the Wu Jian Council
  2408 | D:3      | Reached skill level 5 in Axes
  2798 | D:3      | Reached XP level 7. HP: 52/53 MP: 7/7
  2847 | D:3      | Reached * piety under Wu Jian
  2853 | D:3      | Reached skill level 6 in Axes
  2875 | D:3      | HP: 1/54 [gnoll/+2 vampiric halberd (6)]
  2876 | D:3      | Mangled by a gnoll

Skill      XL: |  1  2  3  4  5  6  7 |
---------------+----------------------+-----
Axes           | 3 4 5 6 |  6.0
Fighting       | 4 |  4.0
Shields        | 4 |  4.0
Armour         | |  3.8

Action                   |  1- 3 |  4- 6 |  7- 9 || total
-------------------------+-------+-------+-------++-------
Melee: War axe           |    73 |   218 |    33 ||   324
Invok: Lunge             |       |     4 |     2 ||     6
  Use: Potion            |     3 |     2 |       ||     5
       Scroll            |     3 |     4 |       ||     7
  Eat: Chunk             |       |     7 |       ||     7
Armor: Scale mail        |    34 |   126 |    11 ||   171
Dodge: Dodged            |    25 |    68 |     9 ||   102
Block: Shield            |    48 |   144 |    24 ||   216
